[Event "Austria Championship Blitz 2024"]
[Site "Innsbruck"]
[Date "2024.06.01"]
[Round "1.1"]
[White "Blohberger, Felix"]
[Black "Wimmer, Michael"]
[Result "1-0"]
[ECO "A30"]
[WhiteElo "2506"]
[BlackElo "2142"]
[Annotator "RC"]
[PlyCount "73"]
[EventDate "2024.06.01"]
[EventType "swiss"]
[EventCountry "AUT"]
[SourceTitle "playchess.com"]
[Source "ChessBase"]
[SourceQuality "1"]
[TimeControl "180+2"]

1. Nf3 Nf6 2. g3 b6 3. Bg2 Bb7 4. O-O e6 5. c4 Be7 6. Nc3 O-O 7. Re1 d5 8. cxd5 Nxd5 9. e4 Nxc3 10. bxc3 c5 11. d4 cxd4 12. cxd4 Nc6 13. Bb2 Rc8 14. Rc1 Na5 15. Ne5 Bf6 16. Rxc8 Qxc8 17. Ng4 Be7 18. d5 exd5 19. exd5 Bc5 20. Bh3 Qd8 21. Bg2 Qc8 22. Re5 Nc4 23. Ba1 Nxe5 24. Bxe5 Qf5 25. Bf4 Rd8 26. Ne3 Bxe3 27. fxe3 Qd7 28. e4 Qb5 29. h4 h6 30. Qd2 Qc5+ 31. Kh2 Qe7 32. d6 Qf6 33. e5 Qf5 34. Bxb7 Qb1 35. Ba6 Qa1 36. d7 Qb1 37. Bc8 1-0

[Event "Austria Championship Blitz 2024"]
[Site "Innsbruck"]
[Date "2024.06.01"]
[Round "1.2"]
[White "Kosc, Renata"]
[Black "Shengelia, David"]
[Result "0-1"]
[ECO "B33"]
[WhiteElo "1983"]
[BlackElo "2465"]
[Annotator "TA"]
[PlyCount "88"]
[EventDate "2024.06.01"]
[EventType "swiss"]
[EventCountry "AUT"]
[SourceTitle "playchess.com"]
[Source "ChessBase"]
[SourceQuality "1"]
[TimeControl "180+2"]

1. e4 c5 2. Nf3 Nc6 3. d4 cxd4 4. Nxd4 Nf6 5. Nc3 d6 6. f3 e5 7. Ndb5 (7. Nb3 $11) 7... a6 $15 8. Na3 b5 {[%emt 0:00:07] [#] Repels Nc4. ...b4 would now be deadly.} 9. Nd5 Nxd5 {[%emt 0:00:09] Black has an edge.} 10. exd5 Nd4 11. c3 Nf5 12. Bd3 Qh4+ (12... g6 {simplifies} 13. Nc2 Bd7 14. Bxf5 Bxf5 15. a4 Bd7) 13. Ke2 Be7 14. g3 Qh3 15. Qf1 {[%emt 0:00:08] Prevents Qg2+.} Qxf1+ 16. Rxf1 h5 17. Nc2 Bd7 18. Ne3 Nxe3 19. Bxe3 f5 20. a4 bxa4 21. h4 Rb8 22. Bxa6 $2 {[%emt 0:00:00] Now White is beyond hope.} ({Better is} 22. Ra2 $15) 22... Rxb2+ $19 23. Kd3 Kf7 24. Rfb1 $2 (24. Rf2 Rhb8 25. Ra2) 24... Rhb8 25. Rxb2 Rxb2 26. c4 $2 (26. Bd2) 26... Bf6 {[%emt 0:00:06][%cal Oe5e4] ...e4+! is the strong threat.} 27. Bb5 e4+ 28. fxe4 fxe4+ 29. Kxe4 Rxb5 30. Rxa4 Rb7 31. Ra6 Be7 32. Bg5 Bxg5 {[%emt 0:00:03] Black is clearly winning.} 33. hxg5 {[%emt 0:00:01][%mdl 4096] Endgame. KRB-KR} Ke7 34. g6 Rb3 35. Kf4 Rb4 36. Kg5 Rxc4 37. Kxh5 Rc5 38. Kg5 Rxd5+ 39. Kf4 Rf5+ 40. Ke4 Rf6 {[%emt 0:00:00] [#] ( -> ...d5+)} 41. Ra7 Rxg6 42. Kf4 Rf6+ 43. Ke3 Ke6 44. g4 Bc6 {[%emt 0:00:00] Weighted Error Value: White=0.93/Black=0.40.  Loses game:     	White=1     	---        Mistake:       	White=3     	---        Inaccurate:     	White=4     	Black=3      OK:         	White=6     	Black=12     Best:        	White=2     	Black=2} 0-1

[Event "Austria Championship Blitz 2024"]
[Site "Innsbruck"]
[Date "2024.06.01"]
[Round "1.3"]
[White "Horvath, Dominik"]
[Black "Walder, Elias"]
[Result "0-1"]
[ECO "C11"]
[WhiteElo "2554"]
[BlackElo "2035"]
[Annotator "TA"]
[PlyCount "72"]
[EventDate "2024.06.01"]
[EventType "swiss"]
[EventCountry "AUT"]
[SourceTitle "playchess.com"]
[Source "ChessBase"]
[SourceQuality "1"]
[TimeControl "180+2"]

1. e4 e6 2. d4 d5 3. Nc3 Nf6 4. e5 Nfd7 5. Nce2 c5 6. c3 Nc6 7. Nf3 Be7 8. h4 cxd4 9. cxd4 a6 10. h5 {[%emt 0:00:02] White is slightly better.} h6 (10... f6 $11) 11. a3 $14 Nb6 12. Rh3 Bd7 13. Rg3 Rg8 $2 ({Better is} 13... Bf8 $14) 14. Nf4 (14. Bxh6 $18 {has better winning chances.} Bf8 15. Bg5) 14... Qc7 15. Bd3 O-O-O {[%emt 0:00:00] [#]} (15... Kf8 $16 {was worth a try.} 16. Kf1 Rh8) 16. Kf1 (16. Bh7 $1 $18) 16... Bg5 17. Be3 f6 18. Rc1 {[%emt 0:00:05] Dodges Nc4. Black must now prevent b4.} Kb8 19. b4 Rc8 20. Bd2 (20. b5 $16 axb5 21. Bxb5) 20... Qd8 $11 21. Ne2 Bxd2 ({Black should play} 21... Qe8 $11) 22. Qxd2 $14 fxe5 23. dxe5 Qe7 24. Ned4 $2 (24. Kg1 $16 {keeps the pressure on.}) 24... Nxd4 $17 25. Rxc8+ (25. Nxd4 $17 Qh4 26. Rxc8+ Rxc8 27. Nf3 Qh1+ 28. Ke2) 25... Rxc8 $19 26. Nxd4 {[%emt 0:00:01] [#]} Nc4 $2 (26... Qh4 $1 $19 27. Nf3 Qxh5) 27. Qf4 (27. Bxc4 $1 $11 {was the only way to keep the balance.} Rxc4 28. Kg1) 27... Nxa3 28. Bxa6 Nc4 (28... bxa6 $17 29. Rxa3 Rc4 (29... Qxb4 $2 30. Nc6+ Bxc6 31. Qxb4+ $18)) 29. Bxc4 $11 Rxc4 30. Qd2 (30. b5 $2 Qb4 31. Rb3 (31. Rxg7 $2 Rxd4 32. Qc1 Qc4+ 33. Qxc4 dxc4 $19) 31... Qc5 $19 (31... Qxb3 $2 32. Qf8+ Rc8 33. Qd6+ Ka7 34. Nxb3 $18)) (30. Rb3 $11) 30... Qh4 $1 $19 ({Not} 30... Rxb4 31. Kg1 $15) 31. Rd3 Qh1+ (31... Qxh5 $2 32. f4 $19) 32. Ke2 Qxh5+ 33. Nf3 $2 (33. f3 Qxe5+ 34. Kf2) 33... Bb5 {[%emt 0:00:00] ( -> ...Re4+)} 34. Kd1 Ba4+ {[%emt 0:00:00] White is weak on the light squares} 35. Ke1 Qh1+ 36. Ke2 Bb5 {[%emt 0:00:00] Weighted Error Value: White=0.93/Black=0.30.  Loses game:     	White=1     	Black=1      Missed win:     	---       	Black=1      Mistake:       	White=7     	Black=4      Inaccurate:     	White=1     	Black=1      OK:         	White=8     	Black=6      Best:        	White=1     	Black=3      Strong:       	---       	Black=1} (36... Re4+ $142 37. Qe3 Bb5 (37... Rxe3+ $2 38. Kxe3 Bb5 39. Rc3 $19) 38. Ne1 Rxe3+ 39. fxe3 Bxd3+ 40. Nxd3 Qxg2+ 41. Kd1 h5 42. Ke1 h4 43. Nf4 Qf3 44. Kd2 d4 45. Kd3 Qxe3+ (45... dxe3 {leads to mate.} 46. Ne2 h3 47. Nd4 Qd5 48. Kc3 h2 49. Nc2 h1=Q 50. Kb2 Qhd1 51. b5 Qxb5+ 52. Ka3 Qc1+ 53. Ka2 Qd5#) 46. Kc2 Qxf4 47. Kd3 h3 (47... Qxe5 {is a self mate.} 48. Kc2 h3 49. Kd3 h2 50. Kc2 Qe2+ 51. Kb3 h1=Q 52. b5 Qb1+ 53. Ka4 Qea2#) 48. Kc2 h2 (48... Qxe5 49. Kd3 h2 50. Kc4 h1=Q 51. Kb3 Qed5+ 52. Kb2 Qh2+ 53. Kc1 Qdh1#) 49. b5 h1=Q (49... h1=R 50. b6 Qe3 51. Kb2 Rh2+ 52. Kb1 Qg1#) 50. b6 d3+ (50... Qxe5 51. Kb3 Qb5+ 52. Kc2 Qh2+ 53. Kd1 Qf1#) 51. Kxd3 Qd1+ 52. Kc3 Qfd4#) 0-1

[Event "Austria Championship Blitz 2024"]
[Site "Innsbruck"]
[Date "2024.06.01"]
[Round "1.4"]
[White "Schwarz, Benedikt"]
[Black "Schwabeneder, Florian"]
[Result "0-1"]
[ECO "D00"]
[WhiteElo "1919"]
[BlackElo "2405"]
[Annotator "RC"]
[PlyCount "66"]
[EventDate "2024.06.01"]
[EventType "swiss"]
[EventCountry "AUT"]
[SourceTitle "playchess.com"]
[Source "ChessBase"]
[SourceQuality "1"]
[TimeControl "180+2"]

1. d4 Nf6 2. Bf4 c5 3. e3 d5 4. c3 e6 5. Nd2 Bd6 6. Bg3 O-O 7. Ngf3 Qc7 8. Ne5 b6 9. Bd3 Ba6 10. Bxa6 Nxa6 11. Qe2 Nb8 12. f4 Nc6 13. Bh4 Ne8 14. O-O Be7 15. Bxe7 Nxe7 16. Rac1 Qb7 17. e4 cxd4 18. cxd4 Nd6 19. exd5 Qxd5 20. Ndf3 Rac8 21. Qd2 Nef5 22. Rxc8 Rxc8 23. Rc1 f6 24. Rxc8+ Nxc8 25. Qc3 Ncd6 26. Nd3 Qxa2 27. Qc7 h6 28. Qd8+ Kh7 29. Qc7 Qb1+ 30. Kf2 Qxd3 31. g4 Ne4+ 32. Kg2 Qe2+ 33. Kh3 Qxf3# 0-1

[Event "Austria Championship Blitz 2024"]
[Site "Innsbruck"]
[Date "2024.06.01"]
[Round "1.5"]
[White "Wohlfahrt, Herbert"]
[Black "Gutmann, Alois"]
[Result "1-0"]
[ECO "A84"]
[WhiteElo "2328"]
[BlackElo "1985"]
[Annotator "RC"]
[PlyCount "77"]
[EventDate "2024.06.01"]
[EventType "swiss"]
[EventCountry "AUT"]
[SourceTitle "playchess.com"]
[Source "ChessBase"]
[SourceQuality "1"]
[TimeControl "180+2"]

1. Nf3 e6 2. c4 f5 3. g3 b6 4. Bg2 Bb7 5. d4 Nf6 6. O-O Be7 7. Nc3 Ne4 8. d5 Nxc3 9. bxc3 Bf6 10. Nd4 e5 11. Nxf5 O-O 12. e4 Na6 13. Be3 d6 14. Qc2 Nc5 15. Bd2 Ba6 16. Ne3 Qe8 17. a4 Qh5 18. a5 Bg5 19. axb6 axb6 20. Nf5 Bxc4 21. Rxa8 Rxa8 22. Bxg5 Qxg5 23. h4 Qf6 24. Re1 Ra2 25. Qd1 g6 26. Qg4 Kh8 27. h5 gxf5 28. exf5 Nd3 29. Rf1 b5 30. Be4 Nc5 31. Bb1 Rb2 32. Rd1 e4 33. h6 Bd3 34. Bxd3 exd3 35. Re1 Re2 36. Rxe2 dxe2 37. Qxe2 Qe5 38. Qg4 Qe7 39. Qb4 1-0

[Event "Austria Championship Blitz 2024"]
[Site "Innsbruck"]
[Date "2024.06.01"]
[Round "1.6"]
[White "Tumanyan, Gor"]
[Black "Platzgummer, Fabian"]
[Result "0-1"]
[ECO "B28"]
[WhiteElo "1992"]
[BlackElo "2311"]
[Annotator "RC"]
[PlyCount "78"]
[EventDate "2024.06.01"]
[EventType "swiss"]
[EventCountry "AUT"]
[SourceTitle "playchess.com"]
[Source "ChessBase"]
[SourceQuality "1"]
[TimeControl "180+2"]

1. e4 c5 2. Nf3 a6 3. d4 cxd4 4. Nxd4 Nf6 5. Nc3 e5 6. Nf3 Bb4 7. Bd2 Nc6 8. Bd3 O-O 9. O-O h6 10. Re1 Re8 11. Nd5 Bc5 12. Ne3 d6 13. c3 Be6 14. Qc2 Rc8 15. Nf5 Bxf5 16. exf5 d5 17. Bf1 Ng4 18. Be3 Nxe3 19. fxe3 e4 20. Nd4 Nxd4 21. cxd4 Bxd4 22. Qf2 Be5 23. Red1 Qa5 24. Rac1 Rxc1 25. Rxc1 Qxa2 26. Rc2 Qa4 27. Rd2 Rd8 28. g3 d4 29. Qg2 d3 30. Qh3 Qb4 31. Qg2 Rc8 32. Qf2 Rc1 33. Kg2 Qc5 34. Kh3 Bf6 35. Bg2 Qe5 36. Bf1 Bg5 37. Bg2 a5 38. Bf1 Qc5 39. Bg2 Bxe3 0-1

[Event "Austria Championship Blitz 2024"]
[Site "Innsbruck"]
[Date "2024.06.01"]
[Round "1.8"]
[White "Leonov, Leonid"]
[Black "Kilgus, Georg"]
[Result "0-1"]
[ECO "C55"]
[WhiteElo "1739"]
[BlackElo "2362"]
[Annotator "RC"]
[PlyCount "56"]
[EventDate "2024.06.01"]
[EventType "swiss"]
[EventCountry "AUT"]
[SourceTitle "playchess.com"]
[Source "ChessBase"]
[SourceQuality "1"]
[TimeControl "180+2"]

1. e4 e5 2. Nf3 Nc6 3. Bc4 Nf6 4. d3 h6 5. O-O a6 6. Re1 d6 7. a4 g6 8. h3 Bg7 9. c3 O-O 10. Nbd2 Na5 11. Ba2 c5 12. d4 exd4 13. cxd4 cxd4 14. Nxd4 Bd7 15. b4 Nc6 16. Nc2 Nh5 17. Rb1 Ne5 18. Qe2 Nf4 19. Qe3 Qg5 20. Qg3 Qxg3 21. fxg3 Nfd3 22. Re3 Rac8 23. Bb3 Rc7 24. Ba3 Rfc8 25. Nd4 Nc1 26. Bxc1 Rxc1+ 27. Rxc1 Rxc1+ 28. Kh2 Ng4+ 0-1

[Event "Austria Championship Blitz 2024"]
[Site "Innsbruck"]
[Date "2024.06.01"]
[Round "1.9"]
[White "Kruckenhauser, Arthur"]
[Black "Frolik, Michael"]
[Result "1-0"]
[ECO "B90"]
[WhiteElo "2340"]
[BlackElo "1984"]
[Annotator "RC"]
[PlyCount "56"]
[EventDate "2024.06.01"]
[EventType "swiss"]
[EventCountry "AUT"]
[SourceTitle "playchess.com"]
[Source "ChessBase"]
[SourceQuality "1"]
[TimeControl "180+2"]

1. e4 c5 2. Nf3 d6 3. d4 cxd4 4. Nxd4 Nf6 5. Nc3 a6 6. Qf3 e5 7. Nf5 Be6 8. Bg5 Nbd7 9. Bd3 h6 10. Bh4 g5 11. Bg3 Qc7 12. a4 h5 13. h4 g4 14. Qe2 Bxf5 15. exf5 Rc8 16. O-O Bg7 17. Rfe1 O-O 18. Rad1 Rfe8 19. Ne4 Nxe4 20. Bxe4 Nf6 21. c3 a5 22. Qb5 b6 23. Bd5 Red8 24. Bb3 Bf8 25. Qe2 Qc5 26. Rd3 b5 27. Red1 bxa4 28. Bxa4 Be7 1-0

[Event "Austria Championship Blitz 2024"]
[Site "Innsbruck"]
[Date "2024.06.01"]
[Round "1.10"]
[White "Horvath, Reka"]
[Black "Balint, Peter"]
[Result "0-1"]
[ECO "A39"]
[WhiteElo "2009"]
[BlackElo "2343"]
[Annotator "RC"]
[PlyCount "27"]
[EventDate "2024.06.01"]
[EventType "swiss"]
[EventCountry "AUT"]
[SourceTitle "playchess.com"]
[Source "ChessBase"]
[SourceQuality "1"]
[TimeControl "180+2"]

1. Nf3 Nf6 2. g3 c5 3. Bg2 g6 4. O-O Nc6 5. d4 cxd4 6. Nxd4 Bg7 7. c4 O-O 8. Nc3 Qa5 9. e4 d6 10. Nxc6 bxc6 11. Re1 Be6 12. Qd3 Nd7 13. Bf4 Rab8 14. Qd1 0-1

[Event "Austria Championship Blitz 2024"]
[Site "Innsbruck"]
[Date "2024.06.01"]
[Round "1.11"]
[White "Kranzl, Peter"]
[Black "Kuzmanovic, Zeljko"]
[Result "1-0"]
[ECO "B02"]
[WhiteElo "2157"]
[BlackElo "1866"]
[Annotator "RC"]
[PlyCount "49"]
[EventDate "2024.06.01"]
[EventType "swiss"]
[EventCountry "AUT"]
[SourceTitle "playchess.com"]
[Source "ChessBase"]
[SourceQuality "1"]
[TimeControl "180+2"]

1. e4 Nf6 2. e5 Nd5 3. c4 Nb6 4. c5 Nd5 5. Nc3 e6 6. d4 d6 7. cxd6 cxd6 8. Bd3 dxe5 9. dxe5 Bb4 10. Bd2 Nxc3 11. Bxc3 Bxc3+ 12. bxc3 O-O 13. Nf3 Nc6 14. O-O h6 15. Qe2 Qa5 16. h4 Ne7 17. Qe4 g6 18. c4 Qc5 19. h5 Qc6 20. Qf4 Rd8 21. Rad1 Bd7 22. Qxh6 Be8 23. Ng5 Nf5 24. Bxf5 exf5 25. Nh7 1-0

[Event "Austria Championship Blitz 2024"]
[Site "Innsbruck"]
[Date "2024.06.01"]
[Round "1.12"]
[White "Wurzer, Gerhard"]
[Black "Schnegg, Anna-Lena"]
[Result "0-1"]
[ECO "E91"]
[WhiteElo "1894"]
[BlackElo "2124"]
[Annotator "RC"]
[PlyCount "80"]
[EventDate "2024.06.01"]
[EventType "swiss"]
[EventCountry "AUT"]
[SourceTitle "playchess.com"]
[Source "ChessBase"]
[SourceQuality "1"]
[TimeControl "180+2"]

1. e4 g6 2. d4 Bg7 3. Nf3 d6 4. c4 Nd7 5. Nc3 Ngf6 6. Be2 O-O 7. O-O c5 8. h3 cxd4 9. Nxd4 Nc5 10. Bf3 a5 11. Be3 Rb8 12. Qe2 Nfd7 13. g3 Ne5 14. Bg2 Bd7 15. Kh2 b6 16. f4 Ned3 17. Rad1 Nb4 18. a3 Nc6 19. Qf2 Rc8 20. Ndb5 Nb8 21. Rd2 Qe8 22. Rdd1 Nc6 23. Rd2 Qd8 24. Rdd1 Nb8 25. Rd2 Nb3 26. Rdd1 Nc5 27. Rd2 Nc6 28. Rdd1 Rb8 29. Rc1 Qc8 30. Rcd1 Qb7 31. Rfe1 Rfe8 32. b4 axb4 33. axb4 Na6 34. Qb2 Naxb4 35. Bd2 Ra8 36. Ra1 Rxa1 37. Rxa1 Ra8 38. Rxa8+ Qxa8 39. Nd5 Nxd5 40. cxd5 Bxb2 0-1

[Event "Austria Championship Blitz 2024"]
[Site "Innsbruck"]
[Date "2024.06.01"]
[Round "1.14"]
[White "Babinetz, Rainer"]
[Black "Binder, Moriz"]
[Result "0-1"]
[ECO "A09"]
[WhiteElo "1967"]
[BlackElo "2210"]
[Annotator "RC"]
[PlyCount "110"]
[EventDate "2024.06.01"]
[EventType "swiss"]
[EventCountry "AUT"]
[SourceTitle "playchess.com"]
[Source "ChessBase"]
[SourceQuality "1"]
[TimeControl "180+2"]

1. Nf3 d5 2. c4 d4 3. d3 Nc6 4. g3 e5 5. Bg2 h6 6. e3 Nf6 7. Qc2 Bc5 8. a3 a5 9. O-O O-O 10. e4 a4 11. Nbd2 Ra6 12. h3 Bd7 13. Kh2 Re8 14. Ng1 Bf8 15. Re1 Qb8 16. Nf1 b5 17. cxb5 Qxb5 18. f4 Bd6 19. f5 Na5 20. Nd2 Rc6 21. Qd1 Nb3 22. Nxb3 Qxb3 23. Qxb3 axb3 24. Bf3 Rb6 25. Bd2 c5 26. Rec1 Rc8 27. Be2 Bb5 28. g4 Ne8 29. Nf3 f6 30. h4 Be7 31. g5 Nd6 32. a4 Ba6 33. a5 Rbb8 34. gxh6 c4 35. dxc4 Nxc4 36. Bxc4+ Rxc4 37. Rxc4 Bxc4 38. Rc1 Rc8 39. hxg7 Kxg7 40. Ne1 Kf7 41. Nd3 Ke8 42. Nb4 Kd7 43. h5 Kd6 44. Nd5 Bd8 45. h6 Bc7 46. h7 Bxd5 47. Rxc7 Kxc7 48. exd5 Rh8 49. Bb4 Rxh7+ 50. Kg3 Kd7 51. a6 Rh8 52. Bc5 Rc8 53. a7 e4 54. Kf4 d3 55. Kxe4 d2 0-1

[Event "Austria Championship Blitz 2024"]
[Site "Innsbruck"]
[Date "2024.06.01"]
[Round "1.15"]
[White "Blaas, Hansjoerg"]
[Black "Gerold, Alexander"]
[Result "1-0"]
[ECO "B01"]
[WhiteElo "2222"]
[BlackElo "1891"]
[Annotator "RC"]
[PlyCount "41"]
[EventDate "2024.06.01"]
[EventType "swiss"]
[EventCountry "AUT"]
[SourceTitle "playchess.com"]
[Source "ChessBase"]
[SourceQuality "1"]
[TimeControl "180+2"]

1. e4 d5 2. exd5 Qxd5 3. Nc3 Qa5 4. d4 Nf6 5. Nf3 Bf5 6. Bc4 e6 7. O-O Be7 8. Ne5 Nbd7 9. Qe2 c6 10. Bf4 Nd5 11. Nxd5 cxd5 12. Bb5 Rd8 13. c4 Bf6 14. Nxd7 Rxd7 15. cxd5 Ke7 16. Bxd7 Kxd7 17. dxe6+ Bxe6 18. d5 Bxd5 19. Rfd1 Kc8 20. Rac1+ Bc6 21. Qg4+ 1-0

[Event "Austria Championship Blitz 2024"]
[Site "Innsbruck"]
[Date "2024.06.01"]
[Round "1.16"]
[White "Muehlbacher, Bernhard"]
[Black "Casagrande, Harald"]
[Result "0-1"]
[ECO "A16"]
[WhiteElo "1960"]
[BlackElo "2290"]
[Annotator "RC"]
[PlyCount "32"]
[EventDate "2024.06.01"]
[EventType "swiss"]
[EventCountry "AUT"]
[SourceTitle "playchess.com"]
[Source "ChessBase"]
[SourceQuality "1"]
[TimeControl "180+2"]

1. c4 c5 2. g3 g6 3. Bg2 Bg7 4. Nc3 Nf6 5. d3 O-O 6. Bd2 e6 7. Qc1 Re8 8. h4 h5 9. Bg5 Nc6 10. Nh3 a6 11. O-O Rb8 12. Ne4 d5 13. Nxf6+ Bxf6 14. Qf4 Bxg5 15. Nxg5 f6 16. Nh3 Kg7 0-1

[Event "Austria Championship Blitz 2024"]
[Site "Innsbruck"]
[Date "2024.06.01"]
[Round "1.17"]
[White "Hengl, Philip"]
[Black "Karall, Lorenz"]
[Result "1-0"]
[ECO "B07"]
[WhiteElo "2173"]
[BlackElo "1869"]
[Annotator "RC"]
[PlyCount "36"]
[EventDate "2024.06.01"]
[EventType "swiss"]
[EventCountry "AUT"]
[SourceTitle "playchess.com"]
[Source "ChessBase"]
[SourceQuality "1"]
[TimeControl "180+2"]

1. e4 d6 2. d4 Nf6 3. Bd3 g6 4. Nf3 Bg7 5. O-O Nbd7 6. c3 e5 7. h3 O-O 8. Nbd2 c6 9. Qe2 Qc7 10. dxe5 dxe5 11. Nb3 a5 12. a4 Re8 13. Be3 Nh5 14. g3 Nf8 15. h4 Be6 16. Nc5 b6 17. Nxe6 Nxe6 18. Bc4 Nf8 1-0

[Event "Austria Championship Blitz 2024"]
[Site "Innsbruck"]
[Date "2024.06.01"]
[Round "1.18"]
[White "Wolfgang, Valentin"]
[Black "Neuschmied, Siegfried"]
[Result "0-1"]
[ECO "D00"]
[WhiteElo "1866"]
[BlackElo "2234"]
[Annotator "RC"]
[PlyCount "53"]
[EventDate "2024.06.01"]
[EventType "swiss"]
[EventCountry "AUT"]
[SourceTitle "playchess.com"]
[Source "ChessBase"]
[SourceQuality "1"]
[TimeControl "180+2"]

1. d4 Nf6 2. Bg5 d5 3. Bxf6 exf6 4. e3 Bd6 5. c4 c6 6. Nc3 dxc4 7. Bxc4 O-O 8. a3 f5 9. Nge2 Nd7 10. O-O Nf6 11. h3 Qe7 12. b4 Bd7 13. Re1 Rad8 14. Qc2 g6 15. Rad1 Rfe8 16. b5 Bxa3 17. bxc6 bxc6 18. Ra1 a5 19. Qa4 Bb4 20. Qc2 Kg7 21. d5 Rc8 22. Qb2 Qe5 23. dxc6 Bxc6 24. Rac1 Bxg2 25. Kxg2 Rxc4 26. Qb3 Rec8 27. Na2 0-1

[Event "Austria Championship Blitz 2024"]
[Site "Innsbruck"]
[Date "2024.06.01"]
[Round "1.19"]
[White "Khalakhan, Jurij"]
[Black "Stadlinger, Lea"]
[Result "1-0"]
[ECO "A01"]
[WhiteElo "2175"]
[BlackElo "1912"]
[Annotator "RC"]
[PlyCount "122"]
[EventDate "2024.06.01"]
[EventType "swiss"]
[EventCountry "AUT"]
[SourceTitle "playchess.com"]
[Source "ChessBase"]
[SourceQuality "1"]
[TimeControl "180+2"]

1. b3 e5 2. Bb2 d6 3. Nf3 Nc6 4. e3 Be6 5. d4 exd4 6. exd4 Bg4 7. Be2 Nf6 8. O-O Be7 9. d5 Ne5 10. Nxe5 Bxe2 11. Qxe2 dxe5 12. c4 O-O 13. Qxe5 Bd6 14. Qf5 b5 15. Nd2 bxc4 16. bxc4 Rb8 17. Nb3 Re8 18. Rfe1 Rxe1+ 19. Rxe1 a5 20. Bxf6 Qxf6 21. Qxf6 gxf6 22. Nxa5 Ra8 23. Nb7 Be5 24. g3 Rxa2 25. Nc5 Bd4 26. Ne4 Rc2 27. Rd1 Be5 28. c5 Kf8 29. Kg2 Ke7 30. Kf3 Ra2 31. Rd3 Rb2 32. h3 f5 33. Nd2 Rc2 34. Re3 f6 35. Rd3 Rxc5 36. Ke2 Kd6 37. f4 Rxd5 38. fxe5+ fxe5 39. Re3 c5 40. Nc4+ Ke6 41. g4 f4 42. Rd3 Rd4 43. Rxd4 cxd4 44. Kd3 Kd5 45. Nd2 h6 46. Ne4 f3 47. h4 Ke6 48. Nf2 Kd5 49. Ne4 Ke6 50. h5 Kd5 51. Nf2 Ke6 52. Ke4 Kf6 53. Kxf3 Kg5 54. Kg3 Kf6 55. Ne4+ Ke6 56. Kf3 Kd5 57. g5 hxg5 58. Nxg5 d3 59. h6 e4+ 60. Nxe4 Ke6 61. h7 Kd5 1-0

[Event "Austria Championship Blitz 2024"]
[Site "Innsbruck"]
[Date "2024.06.01"]
[Round "1.20"]
[White "Kimpel, Janine"]
[Black "Kondrak, Christoph"]
[Result "1-0"]
[ECO "A14"]
[WhiteElo "1875"]
[BlackElo "1972"]
[Annotator "RC"]
[PlyCount "116"]
[EventDate "2024.06.01"]
[EventType "swiss"]
[EventCountry "AUT"]
[SourceTitle "playchess.com"]
[Source "ChessBase"]
[SourceQuality "1"]
[TimeControl "180+2"]

1. Nf3 d5 2. c4 c6 3. g3 e6 4. Bg2 Nf6 5. O-O Nbd7 6. b3 Be7 7. Bb2 O-O 8. d3 b6 9. Nc3 Bb7 10. e3 Re8 11. Ne2 c5 12. Rc1 Bf8 13. d4 Rc8 14. Nf4 Bd6 15. Nd3 Ba6 16. Re1 dxc4 17. bxc4 cxd4 18. Nxd4 Qc7 19. Nc6 Bb7 20. Nd4 Ba6 21. Nc6 Bf8 22. Nde5 Bb7 23. Nxd7 Nxd7 24. Nd4 Ba6 25. Nc6 Bb7 26. Qg4 Bxc6 27. Bxc6 Qxc6 28. Bd4 e5 29. Bb2 Qe6 30. Qe2 Nc5 31. a3 f6 32. Bc3 Na4 33. Bb4 Bxb4 34. axb4 h6 35. Ra1 Qd7 36. b5 Nc5 37. Red1 Qb7 38. Qg4 Ne6 39. Rd6 Qf7 40. Rad1 Nf8 41. Rd7 Nxd7 42. Rxd7 Qf8 43. Rxa7 Ra8 44. Rd7 Re7 45. Rd6 Rae8 46. Rxb6 Qf7 47. Rc6 Rc7 48. Qe4 Rxc6 49. Qxc6 Qe6 50. Qc7 Rc8 51. Qa7 Qxc4 52. b6 Qc1+ 53. Kg2 Qc6+ 54. Kh3 Ra8 55. b7 Rxa7 56. b8=Q+ Kh7 57. Qxa7 Qf3 58. Qa2 g5 1-0

[Event "Austria Championship Blitz 2024"]
[Site "Innsbruck"]
[Date "2024.06.01"]
[Round "1.21"]
[White "Mira, Helene"]
[Black "Hyassat, Milana"]
[Result "1-0"]
[ECO "D38"]
[WhiteElo "2047"]
[BlackElo "1761"]
[Annotator "RC"]
[PlyCount "75"]
[EventDate "2024.06.01"]
[EventType "swiss"]
[EventCountry "AUT"]
[SourceTitle "playchess.com"]
[Source "ChessBase"]
[SourceQuality "1"]
[TimeControl "180+2"]

1. d4 Nf6 2. c4 e6 3. Nf3 d5 4. Nc3 Bb4 5. Qa4+ Nc6 6. Ne5 Bxc3+ 7. bxc3 Bd7 8. Nxd7 Qxd7 9. Qa3 dxc4 10. f3 b5 11. e4 a5 12. Qc5 Rb8 13. Rb1 Qd6 14. Ba3 b4 15. cxb4 axb4 16. Qxc4 O-O 17. Bb2 e5 18. d5 Na5 19. Qc1 Rfc8 20. Qg5 Nd7 21. f4 h6 22. Qg3 f6 23. fxe5 Nxe5 24. Be2 Nac4 25. O-O Nd2 26. Rbd1 Nxf1 27. Rxf1 Rf8 28. Bg4 Nxg4 29. Qxg4 Qe7 30. Qf5 b3 31. a3 Rb6 32. Qg6 Ra6 33. Rf3 c6 34. d6 Qxd6 35. e5 Qd1+ 36. Rf1 Qd8 37. exf6 c5 38. Qxg7# 1-0

[Event "Austria Championship Blitz 2024"]
[Site "Innsbruck"]
[Date "2024.06.01"]
[Round "1.22"]
[White "Falkensteiner, Benjamin"]
[Black "Wetscher, Wolfgang"]
[Result "0-1"]
[ECO "B12"]
[WhiteElo "1905"]
[BlackElo "1937"]
[Annotator "RC"]
[PlyCount "119"]
[EventDate "2024.06.01"]
[EventType "swiss"]
[EventCountry "AUT"]
[SourceTitle "playchess.com"]
[Source "ChessBase"]
[SourceQuality "1"]
[TimeControl "180+2"]

1. e4 c6 2. d4 Qc7 3. Nf3 d6 4. Bd3 Nd7 5. O-O e5 6. c3 Ngf6 7. Re1 Be7 8. h3 h6 9. Be3 g5 10. Nh2 Nf8 11. Nd2 Ng6 12. Ndf1 Nf4 13. Ng3 h5 14. Nf5 Bxf5 15. exf5 b6 16. dxe5 dxe5 17. Bxf4 gxf4 18. f3 O-O-O 19. Ba6+ Kb8 20. Qe2 Nd7 21. Rad1 f6 22. b4 c5 23. a3 Nf8 24. Nf1 Nh7 25. Nd2 Ng5 26. Ne4 Nxe4 27. Qxe4 Rhg8 28. Kh2 h4 29. bxc5 Bxc5 30. Rb1 Rd2 31. Re2 Rxe2 32. Qxe2 Qc6 33. Rd1 Be7 34. Rd3 Rd8 35. Qd2 Rxd3 36. Qxd3 Kc7 37. c4 Qd6 38. Qe4 Qc6 39. Qd3 Bc5 40. Bb5 Qd6 41. Qxd6+ Kxd6 42. Kh1 Bxa3 43. Kg1 Kc5 44. Kf2 Kd4 45. Ke2 Bc5 46. Kd2 Bb4+ 47. Ke2 Kc3 48. Ba6 Bc5 49. Bb5 a5 50. Ba4 Kb4 51. Bb5 a4 52. Kd2 a3 53. Kc2 Bd4 54. Kb1 Bb2 55. Kc2 Kc5 56. Kb3 Kd4 57. Ba6 Ke3 58. c5 bxc5 59. Bb7 Kf2 60. Be4 0-1